 Dungeon Crawl Stone Soup version 0.20-a0-738-gb057e68 (webtiles) character file.

131 polly the Slasher (level 4, -3/34 HPs)
             Began as a Demonspawn Gladiator on Feb 23, 2017.
             Killed from afar by Natasha (5 damage)
             ... with a magic dart
             ... on level 2 of the Dungeon.
             The game lasted 00:01:50 (1629 turns).

polly the Slasher (Demonspawn Gladiator)            Turns: 1629, Time: 00:01:52

Health: -3/34      AC:  7    Str: 16    XL:     4   Next: 91%
Magic:  4/4        EV: 13    Int:  9    God:
Gold:   85         SH:  0    Dex: 14    Spells: 3/3 levels left

rFire    . . .     SeeInvis .   a - +0 long sword
rCold    . . .     Gourm    .   b - +0 leather armour
rNeg     . . .     Faith    .   (no shield)
rPois    .         Spirit   .   c - +0 helmet
rElec    .         Reflect  .   (no cloak)
rCorr    .         Harm     .   (no gloves)
MR       .....                  (no boots)
Stlth    +.........             (no amulet)
Regen    0.2/turn               (no ring)
MPRegen  0.1/turn               (no ring)

@: invisible
A: thin metallic scales 2
a: no special abilities


You were on level 2 of the Dungeon.
You were hungry.

You visited 1 branch of the dungeon, and saw 2 of its levels.

You collected 85 gold pieces.

Inventory:

Hand Weapons
 a - a +0 long sword (weapon)
Missiles
 d - 3 throwing nets (quivered)
Armour
 b - a +0 leather armour (worn)
 c - a +0 helmet (worn)
Scrolls
 e - 2 scrolls of enchant armour {unknown}
 g - a scroll of fear {unknown}
 h - 2 scrolls of remove curse {unknown}
 i - a scroll of identify {unknown}
 k - a scroll of magic mapping {unknown}
 l - a scroll of blinking {unknown}
 n - a scroll of recharging {unknown}
Comestibles
 f - a bread ration
 j - a meat ration


   Skills:
 + Level 2.5 Fighting
 + Level 3.8 Long Blades
 + Level 2.0 Throwing
 + Level 1.4 Armour
 + Level 3.5 Dodging


You had 3 spell levels left.
You didn't know any spells.

Dungeon Overview and Level Annotations

Branches:
Dungeon (2/15)

Altars:

Annotations:
D:2 Natasha


Innate Abilities, Weirdness & Mutations

You are mostly covered in thin metallic scales. (AC +3)


Message History

The rat barely misses you.
You riposte.
You hit the rat.
You kill the rat!
Natasha claws you. The white imp barely misses you.
You hit the kobold.
The kobold is moderately wounded.
Natasha closely misses you. The white imp barely misses you.
The kobold hits you but does no damage.
You hit the kobold.
You kill the kobold!
Natasha barely misses you. The white imp hits you. The white imp freezes you.
* * * LOW HITPOINT WARNING * * *
Natasha claws you!
* * * LOW HITPOINT WARNING * * *
It was a potion of invisibility.
You fade into invisibility!
The white imp gestures at you. The puff of frost misses you.
Natasha stares at you and mumbles some strange words.
The magic dart hits you!
You die...

###.# .# # #####...##. .##
..........##..# ...............
............#.# ............#.##
................
.#.........h).....#
...........5@†..#.#
##..............##
####..........)!..###
#....#..###.###.#...#
#........##..##.###.# #
###(..†......##[###.###...# .
..............#........##..#..##.
..#.##.........###.###...........
..#.##..............##.[.........


You could see Natasha and a white imp.

Vanquished Creatures
  4 gnolls
  4 adders (D:2)
  An ooze (D:1)
  A worm (D:2)
  2 dart slugs
  6 bats
  2 giant cockroaches
  7 hobgoblins
  7 jackals
  3 frilled lizards
  5 goblins
  5 kobolds
  A rat (D:2)
48 creatures vanquished.

Notes
Turn   | Place    | Note
-------+----------+-------------------------------------------
     0 | D:1      | polly the Demonspawn Gladiator began the quest for the Orb.
     0 | D:1      | Reached XP level 1. HP: 16/16 MP: 1/1
   141 | D:1      | Gained mutation: You are partially covered in thin metallic scales. (AC +2) [demonic ancestry]
   141 | D:1      | Reached XP level 2. HP: 22/22 MP: 2/2
   623 | D:1      | Gained mutation: You are mostly covered in thin metallic scales. (AC +3) [demonic ancestry]
   623 | D:1      | Reached XP level 3. HP: 14/27 MP: 3/3
   629 | D:1      | HP: 1/27 [gnoll/whip (7)]
  1155 | D:2      | Reached XP level 4. HP: 26/34 MP: 4/4
  1450 | D:2      | Reached skill level 1 in Armour
  1616 | D:2      | Noticed Natasha
  1628 | D:2      | HP: 1/34 [Natasha (7)]
  1629 | D:2      | Killed from afar by Natasha

Vault maps used:
D:1:      sevenhm_arrival_forest_fort_large_4
D:2:      nicolae_dithmenos_through_a_glass_darkly, uniq_terence, uniq_natasha

Skill      XL: |  1  2  3  4 |
---------------+-------------+-----
Dodging        | 3 |  3.5
Long Blades    | 3 |  3.8
Throwing       | 2 |  2.0
Armour         | 1 |  1.4
Fighting       | |  2.5

Action                   |  1- 3 |  4- 6 || total
-------------------------+-------+-------++-------
Melee: Long sword        |    82 |    66 ||   148
  Use: Potion            |       |     1 ||     1
  Eat: Chunk             |       |     2 ||     2
Armor: Leather armour    |    36 |    24 ||    60
Dodge: Dodged            |    99 |    64 ||   163
       Rpst.: Long sword |    28 |    22 ||    50
